 Dungeon Crawl Stone Soup version 0.29.1-2-gbd0b4ee654 (webtiles) character file.

Game seed: 3475175419533793956

62 jamesblauser the Magician (level 4, -1/31 HPs)
             Began as a Djinni Necromancer on Nov 8, 2022.
             Slain by a scorpion (2 damage)
             ... on level 5 of the Dungeon.
             The game lasted 00:12:14 (2972 turns).

jamesblauser the Magician (Djinni Necromancer)      Turns: 2972, Time: 00:12:15

Health: -1/31      AC:  7    Str:  5 (7)  XL:     4   Next: 28%
Gold:   967        EV:  9    Int: 14 (15) God:
                   SH:  0    Dex: 14 (15)

rFire   + + .      SeeInvis .   d - +2 short sword
rCold   x . .      Faith    .   (no shield)
rNeg    . . .      Spirit   .   h - +1 ring mail
rPois   ∞          Reflect  .   (no helmet)
rElec   .          Harm     .   b - +0 cloak
rCorr   .          Rampage  .   (no gloves)
Will    .....      Clarity  +   (boots unavailable)
Stlth   +.........              (no amulet)
HPRegen 0.10/turn               (no ring)
MPRegen 0.00/turn               (no ring)

@: flying, very slightly contaminated
A: sickness immunity, fire resistance 2, cold vulnerability 1, float, innate
caster, HP casting, extra vitality 1, clarity, dopey 1
a: no special abilities


You were on level 5 of the Dungeon.
You visited 1 branch of the dungeon, and saw 4 of its levels.

You collected 967 gold pieces.

Inventory:

Hand Weapons
 d - a +2 short sword (weapon)
Missiles
 c - 2 throwing nets
Armour
 a - a +0 robe
 b - a +0 cloak (worn)
 h - a +1 ring mail (worn)
Scrolls
 e - a scroll of teleportation


   Skills:
 + Level 0.1 Fighting
 + Level 0.2 Armour
 + Level 2.5 Dodging
 + Level 1.8 Stealth
 + Level 4.1 Spellcasting


You couldn't memorise any spells.
You knew the following spells:

 Your Spells              Type           Power      Damage    Failure   Level
a - Necrotise             Necr           56%        1d6       17%         1
b - Vampiric Draining     Necr           14%        2d7       45%         3
c - Animate Dead          Necr           14%        N/A       86%         4
d - Agony                 Necr           14%        N/A       99%         5
e - Beastly Appendage     Tmut           28%        N/A       17%         1
Your spell library was empty.

Dungeon Overview and Level Annotations

Branches:
Dungeon (3/15)

Altars:
Fedhas


Innate Abilities, Weirdness & Mutations

You are immune to sickness and miasma.
You are immune to poison.
Your flesh is very heat resistant. (rF++)
You are vulnerable to cold. (rC-)
You float through the air rather than walking.
You learn spells naturally, not from books.
Your magical power is your life essence.
You have superior vitality. (+4 MHP)
You possess an exceptional clarity of mind.
You are dopey. (Int -2)


Message History

The adder bites you.
* * * LOW HITPOINT WARNING * * *
A worm comes into view.
Found a stone staircase leading down.
The adder bites you but does no damage.
The worm moves out of view.
The scorpion barely misses you. The scorpion attacks as you move away!
The scorpion barely misses you. The adder bites you but does no damage.
The adder attacks as you move away! The adder barely misses you.
The scorpion stings you but does no damage.
The adder closely misses you. The adder bites you.
* * * LOW HITPOINT WARNING * * *
The scorpion barely misses you. The scorpion attacks as you move away!
The scorpion stings you but does no damage.
The adder bites you but does no damage. The adder attacks as you move away!
The adder bites you.
* * * LOW HITPOINT WARNING * * *
The scorpion barely misses you. The adder barely misses you.
The scorpion attacks as you move away! The scorpion barely misses you.
The scorpion stings you but does no damage.
The adder attacks as you move away! The adder bites you but does no damage.
Found a blossoming altar of Fedhas.
The adder bites you but does no damage.
Aiming: Necrotise (safe; 17% risk of failure)
Press: ? - help, Q - select action, (/) - cycle Shift-Dir - straight line, p - scorpion You miscast Necrotise.
You are very lightly contaminated with residual magic.
Nothing appears to happen.
* * * LOW HITPOINT WARNING * * *
The scorpion stings you but does no damage.
The adder bites you but does no damage.
You are too injured to fight recklessly!
The scorpion attacks as you move away!
The scorpion stings you but does no damage.
The adder barely misses you. x2; The scorpion stings you.
* * * LOW HITPOINT WARNING * * *
The scorpion attacks as you move away! The scorpion stings you.
You die...

#...........##
###
#..#....#...##
. #..w.###.#
#....# ...
##..## #...
##..# ..##
#...## ..
#..S.##
#...#s@.#
##.####.....#
#. #...... ##
...P.P ..._.
..P.P ....
#...


You could see a worm, a scorpion and an adder.

Vanquished Creatures
  An adder (D:2)
  A dart slug (D:1)
  3 ball pythons
  3 endoplasms
  3 giant cockroaches
  5 goblins
  5 hobgoblins
  2 jackals (D:1)
  2 quokkas (D:1)
  6 bats
  A frilled lizard (D:1)
  2 kobolds (D:1)
  8 rats
42 creatures vanquished.

Vanquished Creatures (collateral kills)
  A ball python (D:2)
  2 endoplasms (D:1)
  A bat (D:2)
  A frilled lizard (D:1)
  A rat (D:1)
6 creatures vanquished.

Grand Total: 48 creatures vanquished

Notes
Turn   | Place    | Note
-------+----------+-------------------------------------------
     0 | D:1      | jamesblauser the Djinni Necromancer began the quest for the
                  | Orb.
     0 | D:1      | jamesblauser set off with the following spells memorised:
                  | Necrotise, Vampiric Draining, Animate Dead, Agony.
     0 | D:1      | Reached XP level 1. HP: 15/15 MP: 0/0
   210 | D:1      | Reached XP level 2. HP: 16/21 MP: 0/0
   332 | D:1      | Identified a scroll of acquirement
   332 | D:1      | Acquired 840 gold pieces
   712 | D:1      | Reached XP level 3. HP: 19/25 MP: 0/0
   712 | D:1      | Learned a level 1 spell: Beastly Appendage
  1655 | D:2      | Gained mutation: You are dopey. (Int -2) [potion of
                  | mutation]
  1655 | D:2      | Gained mutation: You possess an exceptional clarity of
                  | mind. [potion of mutation]
  1669 | D:2      | Reached skill level 4 in Spellcasting
  1849 | D:2      | Reached XP level 4. HP: 28/31 MP: 0/0
  2926 | D:3      | You are sucked into a shaft and drop 2 floors!
  2926 | D:5      | Entered Level 5 of the Dungeon
  2933 | D:5      | Noticed a scorpion
  2967 | D:5      | Found a blossoming altar of Fedhas.
  2971 | D:5      | HP: 1/31 [scorpion (1)]
  2972 | D:5      | Slain by a scorpion

Illustrated notes

Levels and vault maps discovered:
D:1:      elethiomel_arrival_quiet, layout_loops_ring, minmay_tetromino_l2
D:2:      layout_basic, serial_park_tiny_pond, minmay_quantized
D:3:      layout_basic, elyvilon_altar_3, uniq_sigmund, uniq_terence
D:5:      layout_layer_cave, fedhas_altar_1, kennysheep_crisscross,
          minmay_misc_feat_diagonals, uniq_blork_the_orc

Skill      XL: |  1  2  3 |
---------------+----------+-----
Spellcasting   | 4 |  4.1
Fighting       | |  0.1
Armour         | |  0.2
Dodging        | |  2.5
Stealth        | |  1.8

Action                   |  1- 3 |  4- 6 || total
-------------------------+-------+-------++-------
Melee: Short sword       |     4 |     1 ||     5
 Cast: Necrotise         |    65 |    29 ||    94
       Beastly Appendage |     1 |       ||     1
 Abil: End Transformatio |     1 |       ||     1
  Use: Scroll            |     6 |     5 ||    11
       Potion            |     1 |     1 ||     2
Armor: Robe              |    10 |       ||    10
       Ring mail         |     4 |    22 ||    26
Dodge: Dodged            |    30 |    22 ||    52
